Workbook

Sheet Summary
A1: Lawn Care Working Capital Forecast
A2: Fictional sample business: Spruce Kite Lawn Studio. Results reflect entered assumptions and planned cash items only.
A3: Forecast Indicators
A4: Forecast Start | B4: =IF(Assumptions!$B$4="","",Assumptions!$B$4) | D4: Forecast Weeks | E4: =IF(Assumptions!$B$7="","",Assumptions!$B$7)
A5: Opening Cash | B5: =IF(Assumptions!$B$5="","",Assumptions!$B$5) | D5: Minimum Reserve | E5: =IF(Assumptions!$B$6="","",Assumptions!$B$6)
A6: Forecast Cash In | B6: =IF(Assumptions!$B$7="","",IFERROR(SUM($C$12:INDEX($C$12:$C$37,Assumptions!$B$7)),"")) | D6: Forecast Cash Out | E6: =IF(Assumptions!$B$7="","",IFERROR(SUM($D$12:INDEX($D$12:$D$37,Assumptions!$B$7)),""))
A7: Lowest Forecast Balance | B7: =IF(OR(Assumptions!$B$5="",Assumptions!$B$7=""),"",IFERROR(MIN(Assumptions!$B$5,MIN($F$12:INDEX($F$12:$F$37,Assumptions!$B$7))),"")) | D7: Ending Forecast Cash | E7: =IF(OR(Assumptions!$B$5="",Assumptions!$B$7=""),"",IFERROR(INDEX($F$12:$F$37,Assumptions!$B$7),""))
A8: Estimated Additional Cash Needed | B8: =IF(OR(Assumptions!$B$6="",$B$7=""),"",MAX(0,Assumptions!$B$6-$B$7)) | D8: Transactions to Review | E8: =COUNTIF('Cash Plan'!$K$4:$K$123,"?*")
A10: Weekly Forecast
A11: Week | B11: Week Starting | C11: Forecast In | D11: Forecast Out | E11: Net Cash Flow | F11: Ending Cash | G11: Reserve Gap | N11: Week | O11: Ending Cash
A12: =IF(OR(Assumptions!$B$4="",Assumptions!$B$7="",1>Assumptions!$B$7),"",1) | B12: =IF($A12="","",Assumptions!$B$4+7*($A12-1)) | C12: =IF($B12="","",IFERROR(SUMIFS('Cash Plan'!$J$4:$J$123,'Cash Plan'!$A$4:$A$123,">="&$B12,'Cash Plan'!$A$4:$A$123,"<"&$B12+7,'Cash Plan'!$B$4:$B$123,"Cash In"),0)) | D12: =IF($B12="","",IFERROR(-SUMIFS('Cash Plan'!$J$4:$J$123,'Cash Plan'!$A$4:$A$123,">="&$B12,'Cash Plan'!$A$4:$A$123,"<"&$B12+7,'Cash Plan'!$B$4:$B$123,"Cash Out"),0)) | E12: =IF($A12="","",$C12-$D12) | F12: =IF(OR($A12="",Assumptions!$B$5=""),"",Assumptions!$B$5+SUM($E$12:$E12)) | G12: =IF(OR($F12="",Assumptions!$B$6=""),"",MAX(0,Assumptions!$B$6-$F12)) | N12: =IF($A12="","",TEXT($B12,"mm/dd")) | O12: =IF(OR($A12="",$F12=""),"",$F12)
A13: =IF(OR(Assumptions!$B$4="",Assumptions!$B$7="",2>Assumptions!$B$7),"",2) | B13: =IF($A13="","",Assumptions!$B$4+7*($A13-1)) | C13: =IF($B13="","",IFERROR(SUMIFS('Cash Plan'!$J$4:$J$123,'Cash Plan'!$A$4:$A$123,">="&$B13,'Cash Plan'!$A$4:$A$123,"<"&$B13+7,'Cash Plan'!$B$4:$B$123,"Cash In"),0)) | D13: =IF($B13="","",IFERROR(-SUMIFS('Cash Plan'!$J$4:$J$123,'Cash Plan'!$A$4:$A$123,">="&$B13,'Cash Plan'!$A$4:$A$123,"<"&$B13+7,'Cash Plan'!$B$4:$B$123,"Cash Out"),0)) | E13: =IF($A13="","",$C13-$D13) | F13: =IF(OR($A13="",Assumptions!$B$5=""),"",Assumptions!$B$5+SUM($E$12:$E13)) | G13: =IF(OR($F13="",Assumptions!$B$6=""),"",MAX(0,Assumptions!$B$6-$F13)) | N13: =IF($A13="","",TEXT($B13,"mm/dd")) | O13: =IF(OR($A13="",$F13=""),"",$F13)
A14: =IF(OR(Assumptions!$B$4="",Assumptions!$B$7="",3>Assumptions!$B$7),"",3) | B14: =IF($A14="","",Assumptions!$B$4+7*($A14-1)) | C14: =IF($B14="","",IFERROR(SUMIFS('Cash Plan'!$J$4:$J$123,'Cash Plan'!$A$4:$A$123,">="&$B14,'Cash Plan'!$A$4:$A$123,"<"&$B14+7,'Cash Plan'!$B$4:$B$123,"Cash In"),0)) | D14: =IF($B14="","",IFERROR(-SUMIFS('Cash Plan'!$J$4:$J$123,'Cash Plan'!$A$4:$A$123,">="&$B14,'Cash Plan'!$A$4:$A$123,"<"&$B14+7,'Cash Plan'!$B$4:$B$123,"Cash Out"),0)) | E14: =IF($A14="","",$C14-$D14) | F14: =IF(OR($A14="",Assumptions!$B$5=""),"",Assumptions!$B$5+SUM($E$12:$E14)) | G14: =IF(OR($F14="",Assumptions!$B$6=""),"",MAX(0,Assumptions!$B$6-$F14)) | N14: =IF($A14="","",TEXT($B14,"mm/dd")) | O14: =IF(OR($A14="",$F14=""),"",$F14)
A15: =IF(OR(Assumptions!$B$4="",Assumptions!$B$7="",4>Assumptions!$B$7),"",4) | B15: =IF($A15="","",Assumptions!$B$4+7*($A15-1)) | C15: =IF($B15="","",IFERROR(SUMIFS('Cash Plan'!$J$4:$J$123,'Cash Plan'!$A$4:$A$123,">="&$B15,'Cash Plan'!$A$4:$A$123,"<"&$B15+7,'Cash Plan'!$B$4:$B$123,"Cash In"),0)) | D15: =IF($B15="","",IFERROR(-SUMIFS('Cash Plan'!$J$4:$J$123,'Cash Plan'!$A$4:$A$123,">="&$B15,'Cash Plan'!$A$4:$A$123,"<"&$B15+7,'Cash Plan'!$B$4:$B$123,"Cash Out"),0)) | E15: =IF($A15="","",$C15-$D15) | F15: =IF(OR($A15="",Assumptions!$B$5=""),"",Assumptions!$B$5+SUM($E$12:$E15)) | G15: =IF(OR($F15="",Assumptions!$B$6=""),"",MAX(0,Assumptions!$B$6-$F15)) | N15: =IF($A15="","",TEXT($B15,"mm/dd")) | O15: =IF(OR($A15="",$F15=""),"",$F15)
A16: =IF(OR(Assumptions!$B$4="",Assumptions!$B$7="",5>Assumptions!$B$7),"",5) | B16: =IF($A16="","",Assumptions!$B$4+7*($A16-1)) | C16: =IF($B16="","",IFERROR(SUMIFS('Cash Plan'!$J$4:$J$123,'Cash Plan'!$A$4:$A$123,">="&$B16,'Cash Plan'!$A$4:$A$123,"<"&$B16+7,'Cash Plan'!$B$4:$B$123,"Cash In"),0)) | D16: =IF($B16="","",IFERROR(-SUMIFS('Cash Plan'!$J$4:$J$123,'Cash Plan'!$A$4:$A$123,">="&$B16,'Cash Plan'!$A$4:$A$123,"<"&$B16+7,'Cash Plan'!$B$4:$B$123,"Cash Out"),0)) | E16: =IF($A16="","",$C16-$D16) | F16: =IF(OR($A16="",Assumptions!$B$5=""),"",Assumptions!$B$5+SUM($E$12:$E16)) | G16: =IF(OR($F16="",Assumptions!$B$6=""),"",MAX(0,Assumptions!$B$6-$F16)) | N16: =IF($A16="","",TEXT($B16,"mm/dd")) | O16: =IF(OR($A16="",$F16=""),"",$F16)
A17: =IF(OR(Assumptions!$B$4="",Assumptions!$B$7="",6>Assumptions!$B$7),"",6) | B17: =IF($A17="","",Assumptions!$B$4+7*($A17-1)) | C17: =IF($B17="","",IFERROR(SUMIFS('Cash Plan'!$J$4:$J$123,'Cash Plan'!$A$4:$A$123,">="&$B17,'Cash Plan'!$A$4:$A$123,"<"&$B17+7,'Cash Plan'!$B$4:$B$123,"Cash In"),0)) | D17: =IF($B17="","",IFERROR(-SUMIFS('Cash Plan'!$J$4:$J$123,'Cash Plan'!$A$4:$A$123,">="&$B17,'Cash Plan'!$A$4:$A$123,"<"&$B17+7,'Cash Plan'!$B$4:$B$123,"Cash Out"),0)) | E17: =IF($A17="","",$C17-$D17) | F17: =IF(OR($A17="",Assumptions!$B$5=""),"",Assumptions!$B$5+SUM($E$12:$E17)) | G17: =IF(OR($F17="",Assumptions!$B$6=""),"",MAX(0,Assumptions!$B$6-$F17)) | N17: =IF($A17="","",TEXT($B17,"mm/dd")) | O17: =IF(OR($A17="",$F17=""),"",$F17)
A18: =IF(OR(Assumptions!$B$4="",Assumptions!$B$7="",7>Assumptions!$B$7),"",7) | B18: =IF($A18="","",Assumptions!$B$4+7*($A18-1)) | C18: =IF($B18="","",IFERROR(SUMIFS('Cash Plan'!$J$4:$J$123,'Cash Plan'!$A$4:$A$123,">="&$B18,'Cash Plan'!$A$4:$A$123,"<"&$B18+7,'Cash Plan'!$B$4:$B$123,"Cash In"),0)) | D18: =IF($B18="","",IFERROR(-SUMIFS('Cash Plan'!$J$4:$J$123,'Cash Plan'!$A$4:$A$123,">="&$B18,'Cash Plan'!$A$4:$A$123,"<"&$B18+7,'Cash Plan'!$B$4:$B$123,"Cash Out"),0)) | E18: =IF($A18="","",$C18-$D18) | F18: =IF(OR($A18="",Assumptions!$B$5=""),"",Assumptions!$B$5+SUM($E$12:$E18)) | G18: =IF(OR($F18="",Assumptions!$B$6=""),"",MAX(0,Assumptions!$B$6-$F18)) | N18: =IF($A18="","",TEXT($B18,"mm/dd")) | O18: =IF(OR($A18="",$F18=""),"",$F18)
A19: =IF(OR(Assumptions!$B$4="",Assumptions!$B$7="",8>Assumptions!$B$7),"",8) | B19: =IF($A19="","",Assumptions!$B$4+7*($A19-1)) | C19: =IF($B19="","",IFERROR(SUMIFS('Cash Plan'!$J$4:$J$123,'Cash Plan'!$A$4:$A$123,">="&$B19,'Cash Plan'!$A$4:$A$123,"<"&$B19+7,'Cash Plan'!$B$4:$B$123,"Cash In"),0)) | D19: =IF($B19="","",IFERROR(-SUMIFS('Cash Plan'!$J$4:$J$123,'Cash Plan'!$A$4:$A$123,">="&$B19,'Cash Plan'!$A$4:$A$123,"<"&$B19+7,'Cash Plan'!$B$4:$B$123,"Cash Out"),0)) | E19: =IF($A19="","",$C19-$D19) | F19: =IF(OR($A19="",Assumptions!$B$5=""),"",Assumptions!$B$5+SUM($E$12:$E19)) | G19: =IF(OR($F19="",Assumptions!$B$6=""),"",MAX(0,Assumptions!$B$6-$F19)) | N19: =IF($A19="","",TEXT($B19,"mm/dd")) | O19: =IF(OR($A19="",$F19=""),"",$F19)
A20: =IF(OR(Assumptions!$B$4="",Assumptions!$B$7="",9>Assumptions!$B$7),"",9) | B20: =IF($A20="","",Assumptions!$B$4+7*($A20-1)) | C20: =IF($B20="","",IFERROR(SUMIFS('Cash Plan'!$J$4:$J$123,'Cash Plan'!$A$4:$A$123,">="&$B20,'Cash Plan'!$A$4:$A$123,"<"&$B20+7,'Cash Plan'!$B$4:$B$123,"Cash In"),0)) | D20: =IF($B20="","",IFERROR(-SUMIFS('Cash Plan'!$J$4:$J$123,'Cash Plan'!$A$4:$A$123,">="&$B20,'Cash Plan'!$A$4:$A$123,"<"&$B20+7,'Cash Plan'!$B$4:$B$123,"Cash Out"),0)) | E20: =IF($A20="","",$C20-$D20) | F20: =IF(OR($A20="",Assumptions!$B$5=""),"",Assumptions!$B$5+SUM($E$12:$E20)) | G20: =IF(OR($F20="",Assumptions!$B$6=""),"",MAX(0,Assumptions!$B$6-$F20)) | N20: =IF($A20="","",TEXT($B20,"mm/dd")) | O20: =IF(OR($A20="",$F20=""),"",$F20)
A21: =IF(OR(Assumptions!$B$4="",Assumptions!$B$7="",10>Assumptions!$B$7),"",10) | B21: =IF($A21="","",Assumptions!$B$4+7*($A21-1)) | C21: =IF($B21="","",IFERROR(SUMIFS('Cash Plan'!$J$4:$J$123,'Cash Plan'!$A$4:$A$123,">="&$B21,'Cash Plan'!$A$4:$A$123,"<"&$B21+7,'Cash Plan'!$B$4:$B$123,"Cash In"),0)) | D21: =IF($B21="","",IFERROR(-SUMIFS('Cash Plan'!$J$4:$J$123,'Cash Plan'!$A$4:$A$123,">="&$B21,'Cash Plan'!$A$4:$A$123,"<"&$B21+7,'Cash Plan'!$B$4:$B$123,"Cash Out"),0)) | E21: =IF($A21="","",$C21-$D21) | F21: =IF(OR($A21="",Assumptions!$B$5=""),"",Assumptions!$B$5+SUM($E$12:$E21)) | G21: =IF(OR($F21="",Assumptions!$B$6=""),"",MAX(0,Assumptions!$B$6-$F21)) | N21: =IF($A21="","",TEXT($B21,"mm/dd")) | O21: =IF(OR($A21="",$F21=""),"",$F21)
A22: =IF(OR(Assumptions!$B$4="",Assumptions!$B$7="",11>Assumptions!$B$7),"",11) | B22: =IF($A22="","",Assumptions!$B$4+7*($A22-1)) | C22: =IF($B22="","",IFERROR(SUMIFS('Cash Plan'!$J$4:$J$123,'Cash Plan'!$A$4:$A$123,">="&$B22,'Cash Plan'!$A$4:$A$123,"<"&$B22+7,'Cash Plan'!$B$4:$B$123,"Cash In"),0)) | D22: =IF($B22="","",IFERROR(-SUMIFS('Cash Plan'!$J$4:$J$123,'Cash Plan'!$A$4:$A$123,">="&$B22,'Cash Plan'!$A$4:$A$123,"<"&$B22+7,'Cash Plan'!$B$4:$B$123,"Cash Out"),0)) | E22: =IF($A22="","",$C22-$D22) | F22: =IF(OR($A22="",Assumptions!$B$5=""),"",Assumptions!$B$5+SUM($E$12:$E22)) | G22: =IF(OR($F22="",Assumptions!$B$6=""),"",MAX(0,Assumptions!$B$6-$F22)) | N22: =IF($A22="","",TEXT($B22,"mm/dd")) | O22: =IF(OR($A22="",$F22=""),"",$F22)
A23: =IF(OR(Assumptions!$B$4="",Assumptions!$B$7="",12>Assumptions!$B$7),"",12) | B23: =IF($A23="","",Assumptions!$B$4+7*($A23-1)) | C23: =IF($B23="","",IFERROR(SUMIFS('Cash Plan'!$J$4:$J$123,'Cash Plan'!$A$4:$A$123,">="&$B23,'Cash Plan'!$A$4:$A$123,"<"&$B23+7,'Cash Plan'!$B$4:$B$123,"Cash In"),0)) | D23: =IF($B23="","",IFERROR(-SUMIFS('Cash Plan'!$J$4:$J$123,'Cash Plan'!$A$4:$A$123,">="&$B23,'Cash Plan'!$A$4:$A$123,"<"&$B23+7,'Cash Plan'!$B$4:$B$123,"Cash Out"),0)) | E23: =IF($A23="","",$C23-$D23) | F23: =IF(OR($A23="",Assumptions!$B$5=""),"",Assumptions!$B$5+SUM($E$12:$E23)) | G23: =IF(OR($F23="",Assumptions!$B$6=""),"",MAX(0,Assumptions!$B$6-$F23)) | N23: =IF($A23="","",TEXT($B23,"mm/dd")) | O23: =IF(OR($A23="",$F23=""),"",$F23)
A24: =IF(OR(Assumptions!$B$4="",Assumptions!$B$7="",13>Assumptions!$B$7),"",13) | B24: =IF($A24="","",Assumptions!$B$4+7*($A24-1)) | C24: =IF($B24="","",IFERROR(SUMIFS('Cash Plan'!$J$4:$J$123,'Cash Plan'!$A$4:$A$123,">="&$B24,'Cash Plan'!$A$4:$A$123,"<"&$B24+7,'Cash Plan'!$B$4:$B$123,"Cash In"),0)) | D24: =IF($B24="","",IFERROR(-SUMIFS('Cash Plan'!$J$4:$J$123,'Cash Plan'!$A$4:$A$123,">="&$B24,'Cash Plan'!$A$4:$A$123,"<"&$B24+7,'Cash Plan'!$B$4:$B$123,"Cash Out"),0)) | E24: =IF($A24="","",$C24-$D24) | F24: =IF(OR($A24="",Assumptions!$B$5=""),"",Assumptions!$B$5+SUM($E$12:$E24)) | G24: =IF(OR($F24="",Assumptions!$B$6=""),"",MAX(0,Assumptions!$B$6-$F24)) | N24: =IF($A24="","",TEXT($B24,"mm/dd")) | O24: =IF(OR($A24="",$F24=""),"",$F24)
A25: =IF(OR(Assumptions!$B$4="",Assumptions!$B$7="",14>Assumptions!$B$7),"",14) | B25: =IF($A25="","",Assumptions!$B$4+7*($A25-1)) | C25: =IF($B25="","",IFERROR(SUMIFS('Cash Plan'!$J$4:$J$123,'Cash Plan'!$A$4:$A$123,">="&$B25,'Cash Plan'!$A$4:$A$123,"<"&$B25+7,'Cash Plan'!$B$4:$B$123,"Cash In"),0)) | D25: =IF($B25="","",IFERROR(-SUMIFS('Cash Plan'!$J$4:$J$123,'Cash Plan'!$A$4:$A$123,">="&$B25,'Cash Plan'!$A$4:$A$123,"<"&$B25+7,'Cash Plan'!$B$4:$B$123,"Cash Out"),0)) | E25: =IF($A25="","",$C25-$D25) | F25: =IF(OR($A25="",Assumptions!$B$5=""),"",Assumptions!$B$5+SUM($E$12:$E25)) | G25: =IF(OR($F25="",Assumptions!$B$6=""),"",MAX(0,Assumptions!$B$6-$F25)) | N25: =IF($A25="","",TEXT($B25,"mm/dd")) | O25: =IF(OR($A25="",$F25=""),"",$F25)
A26: =IF(OR(Assumptions!$B$4="",Assumptions!$B$7="",15>Assumptions!$B$7),"",15) | B26: =IF($A26="","",Assumptions!$B$4+7*($A26-1)) | C26: =IF($B26="","",IFERROR(SUMIFS('Cash Plan'!$J$4:$J$123,'Cash Plan'!$A$4:$A$123,">="&$B26,'Cash Plan'!$A$4:$A$123,"<"&$B26+7,'Cash Plan'!$B$4:$B$123,"Cash In"),0)) | D26: =IF($B26="","",IFERROR(-SUMIFS('Cash Plan'!$J$4:$J$123,'Cash Plan'!$A$4:$A$123,">="&$B26,'Cash Plan'!$A$4:$A$123,"<"&$B26+7,'Cash Plan'!$B$4:$B$123,"Cash Out"),0)) | E26: =IF($A26="","",$C26-$D26) | F26: =IF(OR($A26="",Assumptions!$B$5=""),"",Assumptions!$B$5+SUM($E$12:$E26)) | G26: =IF(OR($F26="",Assumptions!$B$6=""),"",MAX(0,Assumptions!$B$6-$F26)) | N26: =IF($A26="","",TEXT($B26,"mm/dd")) | O26: =IF(OR($A26="",$F26=""),"",$F26)
A27: =IF(OR(Assumptions!$B$4="",Assumptions!$B$7="",16>Assumptions!$B$7),"",16) | B27: =IF($A27="","",Assumptions!$B$4+7*($A27-1)) | C27: =IF($B27="","",IFERROR(SUMIFS('Cash Plan'!$J$4:$J$123,'Cash Plan'!$A$4:$A$123,">="&$B27,'Cash Plan'!$A$4:$A$123,"<"&$B27+7,'Cash Plan'!$B$4:$B$123,"Cash In"),0)) | D27: =IF($B27="","",IFERROR(-SUMIFS('Cash Plan'!$J$4:$J$123,'Cash Plan'!$A$4:$A$123,">="&$B27,'Cash Plan'!$A$4:$A$123,"<"&$B27+7,'Cash Plan'!$B$4:$B$123,"Cash Out"),0)) | E27: =IF($A27="","",$C27-$D27) | F27: =IF(OR($A27="",Assumptions!$B$5=""),"",Assumptions!$B$5+SUM($E$12:$E27)) | G27: =IF(OR($F27="",Assumptions!$B$6=""),"",MAX(0,Assumptions!$B$6-$F27)) | N27: =IF($A27="","",TEXT($B27,"mm/dd")) | O27: =IF(OR($A27="",$F27=""),"",$F27)
A28: =IF(OR(Assumptions!$B$4="",Assumptions!$B$7="",17>Assumptions!$B$7),"",17) | B28: =IF($A28="","",Assumptions!$B$4+7*($A28-1)) | C28: =IF($B28="","",IFERROR(SUMIFS('Cash Plan'!$J$4:$J$123,'Cash Plan'!$A$4:$A$123,">="&$B28,'Cash Plan'!$A$4:$A$123,"<"&$B28+7,'Cash Plan'!$B$4:$B$123,"Cash In"),0)) | D28: =IF($B28="","",IFERROR(-SUMIFS('Cash Plan'!$J$4:$J$123,'Cash Plan'!$A$4:$A$123,">="&$B28,'Cash Plan'!$A$4:$A$123,"<"&$B28+7,'Cash Plan'!$B$4:$B$123,"Cash Out"),0)) | E28: =IF($A28="","",$C28-$D28) | F28: =IF(OR($A28="",Assumptions!$B$5=""),"",Assumptions!$B$5+SUM($E$12:$E28)) | G28: =IF(OR($F28="",Assumptions!$B$6=""),"",MAX(0,Assumptions!$B$6-$F28)) | N28: =IF($A28="","",TEXT($B28,"mm/dd")) | O28: =IF(OR($A28="",$F28=""),"",$F28)
A29: =IF(OR(Assumptions!$B$4="",Assumptions!$B$7="",18>Assumptions!$B$7),"",18) | B29: =IF($A29="","",Assumptions!$B$4+7*($A29-1)) | C29: =IF($B29="","",IFERROR(SUMIFS('Cash Plan'!$J$4:$J$123,'Cash Plan'!$A$4:$A$123,">="&$B29,'Cash Plan'!$A$4:$A$123,"<"&$B29+7,'Cash Plan'!$B$4:$B$123,"Cash In"),0)) | D29: =IF($B29="","",IFERROR(-SUMIFS('Cash Plan'!$J$4:$J$123,'Cash Plan'!$A$4:$A$123,">="&$B29,'Cash Plan'!$A$4:$A$123,"<"&$B29+7,'Cash Plan'!$B$4:$B$123,"Cash Out"),0)) | E29: =IF($A29="","",$C29-$D29) | F29: =IF(OR($A29="",Assumptions!$B$5=""),"",Assumptions!$B$5+SUM($E$12:$E29)) | G29: =IF(OR($F29="",Assumptions!$B$6=""),"",MAX(0,Assumptions!$B$6-$F29)) | N29: =IF($A29="","",TEXT($B29,"mm/dd")) | O29: =IF(OR($A29="",$F29=""),"",$F29)
A30: =IF(OR(Assumptions!$B$4="",Assumptions!$B$7="",19>Assumptions!$B$7),"",19) | B30: =IF($A30="","",Assumptions!$B$4+7*($A30-1)) | C30: =IF($B30="","",IFERROR(SUMIFS('Cash Plan'!$J$4:$J$123,'Cash Plan'!$A$4:$A$123,">="&$B30,'Cash Plan'!$A$4:$A$123,"<"&$B30+7,'Cash Plan'!$B$4:$B$123,"Cash In"),0)) | D30: =IF($B30="","",IFERROR(-SUMIFS('Cash Plan'!$J$4:$J$123,'Cash Plan'!$A$4:$A$123,">="&$B30,'Cash Plan'!$A$4:$A$123,"<"&$B30+7,'Cash Plan'!$B$4:$B$123,"Cash Out"),0)) | E30: =IF($A30="","",$C30-$D30) | F30: =IF(OR($A30="",Assumptions!$B$5=""),"",Assumptions!$B$5+SUM($E$12:$E30)) | G30: =IF(OR($F30="",Assumptions!$B$6=""),"",MAX(0,Assumptions!$B$6-$F30)) | N30: =IF($A30="","",TEXT($B30,"mm/dd")) | O30: =IF(OR($A30="",$F30=""),"",$F30)
A31: =IF(OR(Assumptions!$B$4="",Assumptions!$B$7="",20>Assumptions!$B$7),"",20) | B31: =IF($A31="","",Assumptions!$B$4+7*($A31-1)) | C31: =IF($B31="","",IFERROR(SUMIFS('Cash Plan'!$J$4:$J$123,'Cash Plan'!$A$4:$A$123,">="&$B31,'Cash Plan'!$A$4:$A$123,"<"&$B31+7,'Cash Plan'!$B$4:$B$123,"Cash In"),0)) | D31: =IF($B31="","",IFERROR(-SUMIFS('Cash Plan'!$J$4:$J$123,'Cash Plan'!$A$4:$A$123,">="&$B31,'Cash Plan'!$A$4:$A$123,"<"&$B31+7,'Cash Plan'!$B$4:$B$123,"Cash Out"),0)) | E31: =IF($A31="","",$C31-$D31) | F31: =IF(OR($A31="",Assumptions!$B$5=""),"",Assumptions!$B$5+SUM($E$12:$E31)) | G31: =IF(OR($F31="",Assumptions!$B$6=""),"",MAX(0,Assumptions!$B$6-$F31)) | N31: =IF($A31="","",TEXT($B31,"mm/dd")) | O31: =IF(OR($A31="",$F31=""),"",$F31)
A32: =IF(OR(Assumptions!$B$4="",Assumptions!$B$7="",21>Assumptions!$B$7),"",21) | B32: =IF($A32="","",Assumptions!$B$4+7*($A32-1)) | C32: =IF($B32="","",IFERROR(SUMIFS('Cash Plan'!$J$4:$J$123,'Cash Plan'!$A$4:$A$123,">="&$B32,'Cash Plan'!$A$4:$A$123,"<"&$B32+7,'Cash Plan'!$B$4:$B$123,"Cash In"),0)) | D32: =IF($B32="","",IFERROR(-SUMIFS('Cash Plan'!$J$4:$J$123,'Cash Plan'!$A$4:$A$123,">="&$B32,'Cash Plan'!$A$4:$A$123,"<"&$B32+7,'Cash Plan'!$B$4:$B$123,"Cash Out"),0)) | E32: =IF($A32="","",$C32-$D32) | F32: =IF(OR($A32="",Assumptions!$B$5=""),"",Assumptions!$B$5+SUM($E$12:$E32)) | G32: =IF(OR($F32="",Assumptions!$B$6=""),"",MAX(0,Assumptions!$B$6-$F32)) | N32: =IF($A32="","",TEXT($B32,"mm/dd")) | O32: =IF(OR($A32="",$F32=""),"",$F32)
A33: =IF(OR(Assumptions!$B$4="",Assumptions!$B$7="",22>Assumptions!$B$7),"",22) | B33: =IF($A33="","",Assumptions!$B$4+7*($A33-1)) | C33: =IF($B33="","",IFERROR(SUMIFS('Cash Plan'!$J$4:$J$123,'Cash Plan'!$A$4:$A$123,">="&$B33,'Cash Plan'!$A$4:$A$123,"<"&$B33+7,'Cash Plan'!$B$4:$B$123,"Cash In"),0)) | D33: =IF($B33="","",IFERROR(-SUMIFS('Cash Plan'!$J$4:$J$123,'Cash Plan'!$A$4:$A$123,">="&$B33,'Cash Plan'!$A$4:$A$123,"<"&$B33+7,'Cash Plan'!$B$4:$B$123,"Cash Out"),0)) | E33: =IF($A33="","",$C33-$D33) | F33: =IF(OR($A33="",Assumptions!$B$5=""),"",Assumptions!$B$5+SUM($E$12:$E33)) | G33: =IF(OR($F33="",Assumptions!$B$6=""),"",MAX(0,Assumptions!$B$6-$F33)) | N33: =IF($A33="","",TEXT($B33,"mm/dd")) | O33: =IF(OR($A33="",$F33=""),"",$F33)
A34: =IF(OR(Assumptions!$B$4="",Assumptions!$B$7="",23>Assumptions!$B$7),"",23) | B34: =IF($A34="","",Assumptions!$B$4+7*($A34-1)) | C34: =IF($B34="","",IFERROR(SUMIFS('Cash Plan'!$J$4:$J$123,'Cash Plan'!$A$4:$A$123,">="&$B34,'Cash Plan'!$A$4:$A$123,"<"&$B34+7,'Cash Plan'!$B$4:$B$123,"Cash In"),0)) | D34: =IF($B34="","",IFERROR(-SUMIFS('Cash Plan'!$J$4:$J$123,'Cash Plan'!$A$4:$A$123,">="&$B34,'Cash Plan'!$A$4:$A$123,"<"&$B34+7,'Cash Plan'!$B$4:$B$123,"Cash Out"),0)) | E34: =IF($A34="","",$C34-$D34) | F34: =IF(OR($A34="",Assumptions!$B$5=""),"",Assumptions!$B$5+SUM($E$12:$E34)) | G34: =IF(OR($F34="",Assumptions!$B$6=""),"",MAX(0,Assumptions!$B$6-$F34)) | N34: =IF($A34="","",TEXT($B34,"mm/dd")) | O34: =IF(OR($A34="",$F34=""),"",$F34)
A35: =IF(OR(Assumptions!$B$4="",Assumptions!$B$7="",24>Assumptions!$B$7),"",24) | B35: =IF($A35="","",Assumptions!$B$4+7*($A35-1)) | C35: =IF($B35="","",IFERROR(SUMIFS('Cash Plan'!$J$4:$J$123,'Cash Plan'!$A$4:$A$123,">="&$B35,'Cash Plan'!$A$4:$A$123,"<"&$B35+7,'Cash Plan'!$B$4:$B$123,"Cash In"),0)) | D35: =IF($B35="","",IFERROR(-SUMIFS('Cash Plan'!$J$4:$J$123,'Cash Plan'!$A$4:$A$123,">="&$B35,'Cash Plan'!$A$4:$A$123,"<"&$B35+7,'Cash Plan'!$B$4:$B$123,"Cash Out"),0)) | E35: =IF($A35="","",$C35-$D35) | F35: =IF(OR($A35="",Assumptions!$B$5=""),"",Assumptions!$B$5+SUM($E$12:$E35)) | G35: =IF(OR($F35="",Assumptions!$B$6=""),"",MAX(0,Assumptions!$B$6-$F35)) | N35: =IF($A35="","",TEXT($B35,"mm/dd")) | O35: =IF(OR($A35="",$F35=""),"",$F35)
A36: =IF(OR(Assumptions!$B$4="",Assumptions!$B$7="",25>Assumptions!$B$7),"",25) | B36: =IF($A36="","",Assumptions!$B$4+7*($A36-1)) | C36: =IF($B36="","",IFERROR(SUMIFS('Cash Plan'!$J$4:$J$123,'Cash Plan'!$A$4:$A$123,">="&$B36,'Cash Plan'!$A$4:$A$123,"<"&$B36+7,'Cash Plan'!$B$4:$B$123,"Cash In"),0)) | D36: =IF($B36="","",IFERROR(-SUMIFS('Cash Plan'!$J$4:$J$123,'Cash Plan'!$A$4:$A$123,">="&$B36,'Cash Plan'!$A$4:$A$123,"<"&$B36+7,'Cash Plan'!$B$4:$B$123,"Cash Out"),0)) | E36: =IF($A36="","",$C36-$D36) | F36: =IF(OR($A36="",Assumptions!$B$5=""),"",Assumptions!$B$5+SUM($E$12:$E36)) | G36: =IF(OR($F36="",Assumptions!$B$6=""),"",MAX(0,Assumptions!$B$6-$F36)) | N36: =IF($A36="","",TEXT($B36,"mm/dd")) | O36: =IF(OR($A36="",$F36=""),"",$F36)
A37: =IF(OR(Assumptions!$B$4="",Assumptions!$B$7="",26>Assumptions!$B$7),"",26) | B37: =IF($A37="","",Assumptions!$B$4+7*($A37-1)) | C37: =IF($B37="","",IFERROR(SUMIFS('Cash Plan'!$J$4:$J$123,'Cash Plan'!$A$4:$A$123,">="&$B37,'Cash Plan'!$A$4:$A$123,"<"&$B37+7,'Cash Plan'!$B$4:$B$123,"Cash In"),0)) | D37: =IF($B37="","",IFERROR(-SUMIFS('Cash Plan'!$J$4:$J$123,'Cash Plan'!$A$4:$A$123,">="&$B37,'Cash Plan'!$A$4:$A$123,"<"&$B37+7,'Cash Plan'!$B$4:$B$123,"Cash Out"),0)) | E37: =IF($A37="","",$C37-$D37) | F37: =IF(OR($A37="",Assumptions!$B$5=""),"",Assumptions!$B$5+SUM($E$12:$E37)) | G37: =IF(OR($F37="",Assumptions!$B$6=""),"",MAX(0,Assumptions!$B$6-$F37)) | N37: =IF($A37="","",TEXT($B37,"mm/dd")) | O37: =IF(OR($A37="",$F37=""),"",$F37)

Sheet Cash Plan
A1: Cash Plan
A2: Enter expected cash receipts and payments. Yellow cells are inputs; forecast amounts are probability-weighted and review alerts require a human check.
A3: Cash Date | B3: Flow | C3: Category | D3: Customer / Vendor | E3: Property / Purpose | F3: Status | G3: Gross Amount | H3: Confidence | I3: Week Start | J3: Forecast Amount | K3: Review Alert | L3: Notes
A4: 46272 | B4: Cash In | C4: Service Revenue | D4: Blue Lantern Books (Fictional) | E4: Blue Lantern courtyard service (Fictional) | F4: Received | G4: 1850 | H4: 1 | I4: =IF(NOT(ISNUMBER($A4)),"",IFERROR($A4-WEEKDAY($A4,2)+1,"")) | J4: =IF(OR($A4="",$B4="",NOT(ISNUMBER($G4)),NOT(ISNUMBER($H4))),"",IFERROR(IF($B4="Cash In",$G4*$H4,IF($B4="Cash Out",-$G4*$H4,"")),"")) | K4: =IF(COUNTA($A4:$H4)=0,"",IF($A4="","Review: enter cash date",IF($B4="","Review: enter flow",IF($C4="","Review: enter category",IF($D4="","Review: enter customer/vendor",IF($E4="","Review: enter property/purpose",IF($F4="","Review: enter status",IF($G4="","Review: enter amount",IF($H4="","Review: enter confidence",IF(NOT(ISNUMBER($A4)),"Review: check cash date",IF(NOT(ISNUMBER($G4)),"Review: check amount",IF(NOT(ISNUMBER($H4)),"Review: check confidence",IF(OR(Assumptions!$B$4="",Assumptions!$B$7="",Assumptions!$B$8="",Assumptions!$B$9="",Assumptions!$B$10="",Assumptions!$B$11="",Assumptions!$B$12=""),"Review: check assumptions",IF(OR($G4<0,$G4>Assumptions!$B$10),"Review: amount outside limit",IF(OR($H4<Assumptions!$B$11,$H4>Assumptions!$B$12),"Review: confidence outside limits",IF(OR(AND($B4="Cash In",$F4="Paid"),AND($B4="Cash Out",$F4="Received")),"Review: check flow and status",IF($A4<Assumptions!$B$4-Assumptions!$B$8,"Review: date before allowed window",IF($A4>Assumptions!$B$4+7*Assumptions!$B$7+Assumptions!$B$9,"Review: date after allowed window",IF($A4<Assumptions!$B$4,"Review: before forecast",IF($A4>=Assumptions!$B$4+7*Assumptions!$B$7,"Review: outside horizon","")))))))))))))))))))) | L4: Fictional opening-week receipt
A5: 46273 | B5: Cash Out | C5: Payroll | D5: Spruce Kite Crew (Fictional) | E5: Field crew payroll for fictional jobs | F5: Committed | G5: 5400 | H5: 1 | I5: =IF(NOT(ISNUMBER($A5)),"",IFERROR($A5-WEEKDAY($A5,2)+1,"")) | J5: =IF(OR($A5="",$B5="",NOT(ISNUMBER($G5)),NOT(ISNUMBER($H5))),"",IFERROR(IF($B5="Cash In",$G5*$H5,IF($B5="Cash Out",-$G5*$H5,"")),"")) | K5: =IF(COUNTA($A5:$H5)=0,"",IF($A5="","Review: enter cash date",IF($B5="","Review: enter flow",IF($C5="","Review: enter category",IF($D5="","Review: enter customer/vendor",IF($E5="","Review: enter property/purpose",IF($F5="","Review: enter status",IF($G5="","Review: enter amount",IF($H5="","Review: enter confidence",IF(NOT(ISNUMBER($A5)),"Review: check cash date",IF(NOT(ISNUMBER($G5)),"Review: check amount",IF(NOT(ISNUMBER($H5)),"Review: check confidence",IF(OR(Assumptions!$B$4="",Assumptions!$B$7="",Assumptions!$B$8="",Assumptions!$B$9="",Assumptions!$B$10="",Assumptions!$B$11="",Assumptions!$B$12=""),"Review: check assumptions",IF(OR($G5<0,$G5>Assumptions!$B$10),"Review: amount outside limit",IF(OR($H5<Assumptions!$B$11,$H5>Assumptions!$B$12),"Review: confidence outside limits",IF(OR(AND($B5="Cash In",$F5="Paid"),AND($B5="Cash Out",$F5="Received")),"Review: check flow and status",IF($A5<Assumptions!$B$4-Assumptions!$B$8,"Review: date before allowed window",IF($A5>Assumptions!$B$4+7*Assumptions!$B$7+Assumptions!$B$9,"Review: date after allowed window",IF($A5<Assumptions!$B$4,"Review: before forecast",IF($A5>=Assumptions!$B$4+7*Assumptions!$B$7,"Review: outside horizon","")))))))))))))))))))) | L5: Scheduled fictional payroll
A6: 46274 | B6: Cash Out | C6: Fuel | D6: Velvet Acorn Fuel (Fictional) | E6: Mower and service truck fuel | F6: Planned | G6: 780 | H6: 0.85 | I6: =IF(NOT(ISNUMBER($A6)),"",IFERROR($A6-WEEKDAY($A6,2)+1,"")) | J6: =IF(OR($A6="",$B6="",NOT(ISNUMBER($G6)),NOT(ISNUMBER($H6))),"",IFERROR(IF($B6="Cash In",$G6*$H6,IF($B6="Cash Out",-$G6*$H6,"")),"")) | K6: =IF(COUNTA($A6:$H6)=0,"",IF($A6="","Review: enter cash date",IF($B6="","Review: enter flow",IF($C6="","Review: enter category",IF($D6="","Review: enter customer/vendor",IF($E6="","Review: enter property/purpose",IF($F6="","Review: enter status",IF($G6="","Review: enter amount",IF($H6="","Review: enter confidence",IF(NOT(ISNUMBER($A6)),"Review: check cash date",IF(NOT(ISNUMBER($G6)),"Review: check amount",IF(NOT(ISNUMBER($H6)),"Review: check confidence",IF(OR(Assumptions!$B$4="",Assumptions!$B$7="",Assumptions!$B$8="",Assumptions!$B$9="",Assumptions!$B$10="",Assumptions!$B$11="",Assumptions!$B$12=""),"Review: check assumptions",IF(OR($G6<0,$G6>Assumptions!$B$10),"Review: amount outside limit",IF(OR($H6<Assumptions!$B$11,$H6>Assumptions!$B$12),"Review: confidence outside limits",IF(OR(AND($B6="Cash In",$F6="Paid"),AND($B6="Cash Out",$F6="Received")),"Review: check flow and status",IF($A6<Assumptions!$B$4-Assumptions!$B$8,"Review: date before allowed window",IF($A6>Assumptions!$B$4+7*Assumptions!$B$7+Assumptions!$B$9,"Review: date after allowed window",IF($A6<Assumptions!$B$4,"Review: before forecast",IF($A6>=Assumptions!$B$4+7*Assumptions!$B$7,"Review: outside horizon","")))))))))))))))))))) | L6: Planning estimate only
A7: 46276 | B7: Cash In | C7: Customer Deposit | D7: Copper Kite Offices (Fictional) | E7: Copper Kite fall cleanup deposit (Fictional) | F7: Committed | G7: 3000 | H7: 1 | I7: =IF(NOT(ISNUMBER($A7)),"",IFERROR($A7-WEEKDAY($A7,2)+1,"")) | J7: =IF(OR($A7="",$B7="",NOT(ISNUMBER($G7)),NOT(ISNUMBER($H7))),"",IFERROR(IF($B7="Cash In",$G7*$H7,IF($B7="Cash Out",-$G7*$H7,"")),"")) | K7: =IF(COUNTA($A7:$H7)=0,"",IF($A7="","Review: enter cash date",IF($B7="","Review: enter flow",IF($C7="","Review: enter category",IF($D7="","Review: enter customer/vendor",IF($E7="","Review: enter property/purpose",IF($F7="","Review: enter status",IF($G7="","Review: enter amount",IF($H7="","Review: enter confidence",IF(NOT(ISNUMBER($A7)),"Review: check cash date",IF(NOT(ISNUMBER($G7)),"Review: check amount",IF(NOT(ISNUMBER($H7)),"Review: check confidence",IF(OR(Assumptions!$B$4="",Assumptions!$B$7="",Assumptions!$B$8="",Assumptions!$B$9="",Assumptions!$B$10="",Assumptions!$B$11="",Assumptions!$B$12=""),"Review: check assumptions",IF(OR($G7<0,$G7>Assumptions!$B$10),"Review: amount outside limit",IF(OR($H7<Assumptions!$B$11,$H7>Assumptions!$B$12),"Review: confidence outside limits",IF(OR(AND($B7="Cash In",$F7="Paid"),AND($B7="Cash Out",$F7="Received")),"Review: check flow and status",IF($A7<Assumptions!$B$4-Assumptions!$B$8,"Review: date before allowed window",IF($A7>Assumptions!$B$4+7*Assumptions!$B$7+Assumptions!$B$9,"Review: date after allowed window",IF($A7<Assumptions!$B$4,"Review: before forecast",IF($A7>=Assumptions!$B$4+7*Assumptions!$B$7,"Review: outside horizon","")))))))))))))))))))) | L7: Fictional customer deposit
A8: 46280 | B8: Cash Out | C8: Materials | D8: Paper Finch Supply (Fictional) | E8: Pine straw and edging for fictional properties | F8: Committed | G8: 2250 | H8: 0.95 | I8: =IF(NOT(ISNUMBER($A8)),"",IFERROR($A8-WEEKDAY($A8,2)+1,"")) | J8: =IF(OR($A8="",$B8="",NOT(ISNUMBER($G8)),NOT(ISNUMBER($H8))),"",IFERROR(IF($B8="Cash In",$G8*$H8,IF($B8="Cash Out",-$G8*$H8,"")),"")) | K8: =IF(COUNTA($A8:$H8)=0,"",IF($A8="","Review: enter cash date",IF($B8="","Review: enter flow",IF($C8="","Review: enter category",IF($D8="","Review: enter customer/vendor",IF($E8="","Review: enter property/purpose",IF($F8="","Review: enter status",IF($G8="","Review: enter amount",IF($H8="","Review: enter confidence",IF(NOT(ISNUMBER($A8)),"Review: check cash date",IF(NOT(ISNUMBER($G8)),"Review: check amount",IF(NOT(ISNUMBER($H8)),"Review: check confidence",IF(OR(Assumptions!$B$4="",Assumptions!$B$7="",Assumptions!$B$8="",Assumptions!$B$9="",Assumptions!$B$10="",Assumptions!$B$11="",Assumptions!$B$12=""),"Review: check assumptions",IF(OR($G8<0,$G8>Assumptions!$B$10),"Review: amount outside limit",IF(OR($H8<Assumptions!$B$11,$H8>Assumptions!$B$12),"Review: confidence outside limits",IF(OR(AND($B8="Cash In",$F8="Paid"),AND($B8="Cash Out",$F8="Received")),"Review: check flow and status",IF($A8<Assumptions!$B$4-Assumptions!$B$8,"Review: date before allowed window",IF($A8>Assumptions!$B$4+7*Assumptions!$B$7+Assumptions!$B$9,"Review: date after allowed window",IF($A8<Assumptions!$B$4,"Review: before forecast",IF($A8>=Assumptions!$B$4+7*Assumptions!$B$7,"Review: outside horizon","")))))))))))))))))))) | L8: Vendor amount is fictional
A9: 46283 | B9: Cash In | C9: Service Revenue | D9: Moonseed Childcare (Fictional) | E9: Moonseed grounds service (Fictional) | F9: Planned | G9: 2400 | H9: 0.8 | I9: =IF(NOT(ISNUMBER($A9)),"",IFERROR($A9-WEEKDAY($A9,2)+1,"")) | J9: =IF(OR($A9="",$B9="",NOT(ISNUMBER($G9)),NOT(ISNUMBER($H9))),"",IFERROR(IF($B9="Cash In",$G9*$H9,IF($B9="Cash Out",-$G9*$H9,"")),"")) | K9: =IF(COUNTA($A9:$H9)=0,"",IF($A9="","Review: enter cash date",IF($B9="","Review: enter flow",IF($C9="","Review: enter category",IF($D9="","Review: enter customer/vendor",IF($E9="","Review: enter property/purpose",IF($F9="","Review: enter status",IF($G9="","Review: enter amount",IF($H9="","Review: enter confidence",IF(NOT(ISNUMBER($A9)),"Review: check cash date",IF(NOT(ISNUMBER($G9)),"Review: check amount",IF(NOT(ISNUMBER($H9)),"Review: check confidence",IF(OR(Assumptions!$B$4="",Assumptions!$B$7="",Assumptions!$B$8="",Assumptions!$B$9="",Assumptions!$B$10="",Assumptions!$B$11="",Assumptions!$B$12=""),"Review: check assumptions",IF(OR($G9<0,$G9>Assumptions!$B$10),"Review: amount outside limit",IF(OR($H9<Assumptions!$B$11,$H9>Assumptions!$B$12),"Review: confidence outside limits",IF(OR(AND($B9="Cash In",$F9="Paid"),AND($B9="Cash Out",$F9="Received")),"Review: check flow and status",IF($A9<Assumptions!$B$4-Assumptions!$B$8,"Review: date before allowed window",IF($A9>Assumptions!$B$4+7*Assumptions!$B$7+Assumptions!$B$9,"Review: date after allowed window",IF($A9<Assumptions!$B$4,"Review: before forecast",IF($A9>=Assumptions!$B$4+7*Assumptions!$B$7,"Review: outside horizon","")))))))))))))))))))) | L9: Expected fictional receipt
A10: 46287 | B10: Cash Out | C10: Equipment | D10: Orbit Pebble Rentals (Fictional) | E10: Aerator rental for fictional fall work | F10: Planned | G10: 1200 | H10: 0.75 | I10: =IF(NOT(ISNUMBER($A10)),"",IFERROR($A10-WEEKDAY($A10,2)+1,"")) | J10: =IF(OR($A10="",$B10="",NOT(ISNUMBER($G10)),NOT(ISNUMBER($H10))),"",IFERROR(IF($B10="Cash In",$G10*$H10,IF($B10="Cash Out",-$G10*$H10,"")),"")) | K10: =IF(COUNTA($A10:$H10)=0,"",IF($A10="","Review: enter cash date",IF($B10="","Review: enter flow",IF($C10="","Review: enter category",IF($D10="","Review: enter customer/vendor",IF($E10="","Review: enter property/purpose",IF($F10="","Review: enter status",IF($G10="","Review: enter amount",IF($H10="","Review: enter confidence",IF(NOT(ISNUMBER($A10)),"Review: check cash date",IF(NOT(ISNUMBER($G10)),"Review: check amount",IF(NOT(ISNUMBER($H10)),"Review: check confidence",IF(OR(Assumptions!$B$4="",Assumptions!$B$7="",Assumptions!$B$8="",Assumptions!$B$9="",Assumptions!$B$10="",Assumptions!$B$11="",Assumptions!$B$12=""),"Review: check assumptions",IF(OR($G10<0,$G10>Assumptions!$B$10),"Review: amount outside limit",IF(OR($H10<Assumptions!$B$11,$H10>Assumptions!$B$12),"Review: confidence outside limits",IF(OR(AND($B10="Cash In",$F10="Paid"),AND($B10="Cash Out",$F10="Received")),"Review: check flow and status",IF($A10<Assumptions!$B$4-Assumptions!$B$8,"Review: date before allowed window",IF($A10>Assumptions!$B$4+7*Assumptions!$B$7+Assumptions!$B$9,"Review: date after allowed window",IF($A10<Assumptions!$B$4,"Review: before forecast",IF($A10>=Assumptions!$B$4+7*Assumptions!$B$7,"Review: outside horizon","")))))))))))))))))))) | L10: Rental planning estimate
A11: 46270 | B11: Cash Out | C11: Insurance | D11: Juniper Drum Coverage (Fictional) | E11: Prior-week fictional policy installment | F11: Committed | G11: 1650 | H11: 1 | I11: =IF(NOT(ISNUMBER($A11)),"",IFERROR($A11-WEEKDAY($A11,2)+1,"")) | J11: =IF(OR($A11="",$B11="",NOT(ISNUMBER($G11)),NOT(ISNUMBER($H11))),"",IFERROR(IF($B11="Cash In",$G11*$H11,IF($B11="Cash Out",-$G11*$H11,"")),"")) | K11: =IF(COUNTA($A11:$H11)=0,"",IF($A11="","Review: enter cash date",IF($B11="","Review: enter flow",IF($C11="","Review: enter category",IF($D11="","Review: enter customer/vendor",IF($E11="","Review: enter property/purpose",IF($F11="","Review: enter status",IF($G11="","Review: enter amount",IF($H11="","Review: enter confidence",IF(NOT(ISNUMBER($A11)),"Review: check cash date",IF(NOT(ISNUMBER($G11)),"Review: check amount",IF(NOT(ISNUMBER($H11)),"Review: check confidence",IF(OR(Assumptions!$B$4="",Assumptions!$B$7="",Assumptions!$B$8="",Assumptions!$B$9="",Assumptions!$B$10="",Assumptions!$B$11="",Assumptions!$B$12=""),"Review: check assumptions",IF(OR($G11<0,$G11>Assumptions!$B$10),"Review: amount outside limit",IF(OR($H11<Assumptions!$B$11,$H11>Assumptions!$B$12),"Review: confidence outside limits",IF(OR(AND($B11="Cash In",$F11="Paid"),AND($B11="Cash Out",$F11="Received")),"Review: check flow and status",IF($A11<Assumptions!$B$4-Assumptions!$B$8,"Review: date before allowed window",IF($A11>Assumptions!$B$4+7*Assumptions!$B$7+Assumptions!$B$9,"Review: date after allowed window",IF($A11<Assumptions!$B$4,"Review: before forecast",IF($A11>=Assumptions!$B$4+7*Assumptions!$B$7,"Review: outside horizon","")))))))))))))))))))) | L11: Review whether this prior-period item belongs in opening cash
A12: 46307 | B12: Cash In | C12: Service Revenue | D12: Amber Teacup Commons (Fictional) | E12: Amber Teacup seasonal service (Fictional) | F12: Planned | G12: 4600 | H12: 0.7 | I12: =IF(NOT(ISNUMBER($A12)),"",IFERROR($A12-WEEKDAY($A12,2)+1,"")) | J12: =IF(OR($A12="",$B12="",NOT(ISNUMBER($G12)),NOT(ISNUMBER($H12))),"",IFERROR(IF($B12="Cash In",$G12*$H12,IF($B12="Cash Out",-$G12*$H12,"")),"")) | K12: =IF(COUNTA($A12:$H12)=0,"",IF($A12="","Review: enter cash date",IF($B12="","Review: enter flow",IF($C12="","Review: enter category",IF($D12="","Review: enter customer/vendor",IF($E12="","Review: enter property/purpose",IF($F12="","Review: enter status",IF($G12="","Review: enter amount",IF($H12="","Review: enter confidence",IF(NOT(ISNUMBER($A12)),"Review: check cash date",IF(NOT(ISNUMBER($G12)),"Review: check amount",IF(NOT(ISNUMBER($H12)),"Review: check confidence",IF(OR(Assumptions!$B$4="",Assumptions!$B$7="",Assumptions!$B$8="",Assumptions!$B$9="",Assumptions!$B$10="",Assumptions!$B$11="",Assumptions!$B$12=""),"Review: check assumptions",IF(OR($G12<0,$G12>Assumptions!$B$10),"Review: amount outside limit",IF(OR($H12<Assumptions!$B$11,$H12>Assumptions!$B$12),"Review: confidence outside limits",IF(OR(AND($B12="Cash In",$F12="Paid"),AND($B12="Cash Out",$F12="Received")),"Review: check flow and status",IF($A12<Assumptions!$B$4-Assumptions!$B$8,"Review: date before allowed window",IF($A12>Assumptions!$B$4+7*Assumptions!$B$7+Assumptions!$B$9,"Review: date after allowed window",IF($A12<Assumptions!$B$4,"Review: before forecast",IF($A12>=Assumptions!$B$4+7*Assumptions!$B$7,"Review: outside horizon","")))))))))))))))))))) | L12: Fictional seasonal receipt
A13: 46362 | B13: Cash Out | C13: Other | D13: Thimbleberry Workshop (Fictional) | E13: Optional fictional yard sign refresh | F13: On Hold | G13: 900 | H13: 0 | I13: =IF(NOT(ISNUMBER($A13)),"",IFERROR($A13-WEEKDAY($A13,2)+1,"")) | J13: =IF(OR($A13="",$B13="",NOT(ISNUMBER($G13)),NOT(ISNUMBER($H13))),"",IFERROR(IF($B13="Cash In",$G13*$H13,IF($B13="Cash Out",-$G13*$H13,"")),"")) | K13: =IF(COUNTA($A13:$H13)=0,"",IF($A13="","Review: enter cash date",IF($B13="","Review: enter flow",IF($C13="","Review: enter category",IF($D13="","Review: enter customer/vendor",IF($E13="","Review: enter property/purpose",IF($F13="","Review: enter status",IF($G13="","Review: enter amount",IF($H13="","Review: enter confidence",IF(NOT(ISNUMBER($A13)),"Review: check cash date",IF(NOT(ISNUMBER($G13)),"Review: check amount",IF(NOT(ISNUMBER($H13)),"Review: check confidence",IF(OR(Assumptions!$B$4="",Assumptions!$B$7="",Assumptions!$B$8="",Assumptions!$B$9="",Assumptions!$B$10="",Assumptions!$B$11="",Assumptions!$B$12=""),"Review: check assumptions",IF(OR($G13<0,$G13>Assumptions!$B$10),"Review: amount outside limit",IF(OR($H13<Assumptions!$B$11,$H13>Assumptions!$B$12),"Review: confidence outside limits",IF(OR(AND($B13="Cash In",$F13="Paid"),AND($B13="Cash Out",$F13="Received")),"Review: check flow and status",IF($A13<Assumptions!$B$4-Assumptions!$B$8,"Review: date before allowed window",IF($A13>Assumptions!$B$4+7*Assumptions!$B$7+Assumptions!$B$9,"Review: date after allowed window",IF($A13<Assumptions!$B$4,"Review: before forecast",IF($A13>=Assumptions!$B$4+7*Assumptions!$B$7,"Review: outside horizon","")))))))))))))))))))) | L13: Final-day boundary example with no forecast weight
I14: =IF(NOT(ISNUMBER($A14)),"",IFERROR($A14-WEEKDAY($A14,2)+1,"")) | J14: =IF(OR($A14="",$B14="",NOT(ISNUMBER($G14)),NOT(ISNUMBER($H14))),"",IFERROR(IF($B14="Cash In",$G14*$H14,IF($B14="Cash Out",-$G14*$H14,"")),"")) | K14: =IF(COUNTA($A14:$H14)=0,"",IF($A14="","Review: enter cash date",IF($B14="","Review: enter flow",IF($C14="","Review: enter category",IF($D14="","Review: enter customer/vendor",IF($E14="","Review: enter property/purpose",IF($F14="","Review: enter status",IF($G14="","Review: enter amount",IF($H14="","Review: enter confidence",IF(NOT(ISNUMBER($A14)),"Review: check cash date",IF(NOT(ISNUMBER($G14)),"Review: check amount",IF(NOT(ISNUMBER($H14)),"Review: check confidence",IF(OR(Assumptions!$B$4="",Assumptions!$B$7="",Assumptions!$B$8="",Assumptions!$B$9="",Assumptions!$B$10="",Assumptions!$B$11="",Assumptions!$B$12=""),"Review: check assumptions",IF(OR($G14<0,$G14>Assumptions!$B$10),"Review: amount outside limit",IF(OR($H14<Assumptions!$B$11,$H14>Assumptions!$B$12),"Review: confidence outside limits",IF(OR(AND($B14="Cash In",$F14="Paid"),AND($B14="Cash Out",$F14="Received")),"Review: check flow and status",IF($A14<Assumptions!$B$4-Assumptions!$B$8,"Review: date before allowed window",IF($A14>Assumptions!$B$4+7*Assumptions!$B$7+Assumptions!$B$9,"Review: date after allowed window",IF($A14<Assumptions!$B$4,"Review: before forecast",IF($A14>=Assumptions!$B$4+7*Assumptions!$B$7,"Review: outside horizon",""))))))))))))))))))))
I15: =IF(NOT(ISNUMBER($A15)),"",IFERROR($A15-WEEKDAY($A15,2)+1,"")) | J15: =IF(OR($A15="",$B15="",NOT(ISNUMBER($G15)),NOT(ISNUMBER($H15))),"",IFERROR(IF($B15="Cash In",$G15*$H15,IF($B15="Cash Out",-$G15*$H15,"")),"")) | K15: =IF(COUNTA($A15:$H15)=0,"",IF($A15="","Review: enter cash date",IF($B15="","Review: enter flow",IF($C15="","Review: enter category",IF($D15="","Review: enter customer/vendor",IF($E15="","Review: enter property/purpose",IF($F15="","Review: enter status",IF($G15="","Review: enter amount",IF($H15="","Review: enter confidence",IF(NOT(ISNUMBER($A15)),"Review: check cash date",IF(NOT(ISNUMBER($G15)),"Review: check amount",IF(NOT(ISNUMBER($H15)),"Review: check confidence",IF(OR(Assumptions!$B$4="",Assumptions!$B$7="",Assumptions!$B$8="",Assumptions!$B$9="",Assumptions!$B$10="",Assumptions!$B$11="",Assumptions!$B$12=""),"Review: check assumptions",IF(OR($G15<0,$G15>Assumptions!$B$10),"Review: amount outside limit",IF(OR($H15<Assumptions!$B$11,$H15>Assumptions!$B$12),"Review: confidence outside limits",IF(OR(AND($B15="Cash In",$F15="Paid"),AND($B15="Cash Out",$F15="Received")),"Review: check flow and status",IF($A15<Assumptions!$B$4-Assumptions!$B$8,"Review: date before allowed window",IF($A15>Assumptions!$B$4+7*Assumptions!$B$7+Assumptions!$B$9,"Review: date after allowed window",IF($A15<Assumptions!$B$4,"Review: before forecast",IF($A15>=Assumptions!$B$4+7*Assumptions!$B$7,"Review: outside horizon",""))))))))))))))))))))
I16: =IF(NOT(ISNUMBER($A16)),"",IFERROR($A16-WEEKDAY($A16,2)+1,"")) | J16: =IF(OR($A16="",$B16="",NOT(ISNUMBER($G16)),NOT(ISNUMBER($H16))),"",IFERROR(IF($B16="Cash In",$G16*$H16,IF($B16="Cash Out",-$G16*$H16,"")),"")) | K16: =IF(COUNTA($A16:$H16)=0,"",IF($A16="","Review: enter cash date",IF($B16="","Review: enter flow",IF($C16="","Review: enter category",IF($D16="","Review: enter customer/vendor",IF($E16="","Review: enter property/purpose",IF($F16="","Review: enter status",IF($G16="","Review: enter amount",IF($H16="","Review: enter confidence",IF(NOT(ISNUMBER($A16)),"Review: check cash date",IF(NOT(ISNUMBER($G16)),"Review: check amount",IF(NOT(ISNUMBER($H16)),"Review: check confidence",IF(OR(Assumptions!$B$4="",Assumptions!$B$7="",Assumptions!$B$8="",Assumptions!$B$9="",Assumptions!$B$10="",Assumptions!$B$11="",Assumptions!$B$12=""),"Review: check assumptions",IF(OR($G16<0,$G16>Assumptions!$B$10),"Review: amount outside limit",IF(OR($H16<Assumptions!$B$11,$H16>Assumptions!$B$12),"Review: confidence outside limits",IF(OR(AND($B16="Cash In",$F16="Paid"),AND($B16="Cash Out",$F16="Received")),"Review: check flow and status",IF($A16<Assumptions!$B$4-Assumptions!$B$8,"Review: date before allowed window",IF($A16>Assumptions!$B$4+7*Assumptions!$B$7+Assumptions!$B$9,"Review: date after allowed window",IF($A16<Assumptions!$B$4,"Review: before forecast",IF($A16>=Assumptions!$B$4+7*Assumptions!$B$7,"Review: outside horizon",""))))))))))))))))))))
I17: =IF(NOT(ISNUMBER($A17)),"",IFERROR($A17-WEEKDAY($A17,2)+1,"")) | J17: =IF(OR($A17="",$B17="",NOT(ISNUMBER($G17)),NOT(ISNUMBER($H17))),"",IFERROR(IF($B17="Cash In",$G17*$H17,IF($B17="Cash Out",-$G17*$H17,"")),"")) | K17: =IF(COUNTA($A17:$H17)=0,"",IF($A17="","Review: enter cash date",IF($B17="","Review: enter flow",IF($C17="","Review: enter category",IF($D17="","Review: enter customer/vendor",IF($E17="","Review: enter property/purpose",IF($F17="","Review: enter status",IF($G17="","Review: enter amount",IF($H17="","Review: enter confidence",IF(NOT(ISNUMBER($A17)),"Review: check cash date",IF(NOT(ISNUMBER($G17)),"Review: check amount",IF(NOT(ISNUMBER($H17)),"Review: check confidence",IF(OR(Assumptions!$B$4="",Assumptions!$B$7="",Assumptions!$B$8="",Assumptions!$B$9="",Assumptions!$B$10="",Assumptions!$B$11="",Assumptions!$B$12=""),"Review: check assumptions",IF(OR($G17<0,$G17>Assumptions!$B$10),"Review: amount outside limit",IF(OR($H17<Assumptions!$B$11,$H17>Assumptions!$B$12),"Review: confidence outside limits",IF(OR(AND($B17="Cash In",$F17="Paid"),AND($B17="Cash Out",$F17="Received")),"Review: check flow and status",IF($A17<Assumptions!$B$4-Assumptions!$B$8,"Review: date before allowed window",IF($A17>Assumptions!$B$4+7*Assumptions!$B$7+Assumptions!$B$9,"Review: date after allowed window",IF($A17<Assumptions!$B$4,"Review: before forecast",IF($A17>=Assumptions!$B$4+7*Assumptions!$B$7,"Review: outside horizon",""))))))))))))))))))))
I18: =IF(NOT(ISNUMBER($A18)),"",IFERROR($A18-WEEKDAY($A18,2)+1,"")) | J18: =IF(OR($A18="",$B18="",NOT(ISNUMBER($G18)),NOT(ISNUMBER($H18))),"",IFERROR(IF($B18="Cash In",$G18*$H18,IF($B18="Cash Out",-$G18*$H18,"")),"")) | K18: =IF(COUNTA($A18:$H18)=0,"",IF($A18="","Review: enter cash date",IF($B18="","Review: enter flow",IF($C18="","Review: enter category",IF($D18="","Review: enter customer/vendor",IF($E18="","Review: enter property/purpose",IF($F18="","Review: enter status",IF($G18="","Review: enter amount",IF($H18="","Review: enter confidence",IF(NOT(ISNUMBER($A18)),"Review: check cash date",IF(NOT(ISNUMBER($G18)),"Review: check amount",IF(NOT(ISNUMBER($H18)),"Review: check confidence",IF(OR(Assumptions!$B$4="",Assumptions!$B$7="",Assumptions!$B$8="",Assumptions!$B$9="",Assumptions!$B$10="",Assumptions!$B$11="",Assumptions!$B$12=""),"Review: check assumptions",IF(OR($G18<0,$G18>Assumptions!$B$10),"Review: amount outside limit",IF(OR($H18<Assumptions!$B$11,$H18>Assumptions!$B$12),"Review: confidence outside limits",IF(OR(AND($B18="Cash In",$F18="Paid"),AND($B18="Cash Out",$F18="Received")),"Review: check flow and status",IF($A18<Assumptions!$B$4-Assumptions!$B$8,"Review: date before allowed window",IF($A18>Assumptions!$B$4+7*Assumptions!$B$7+Assumptions!$B$9,"Review: date after allowed window",IF($A18<Assumptions!$B$4,"Review: before forecast",IF($A18>=Assumptions!$B$4+7*Assumptions!$B$7,"Review: outside horizon",""))))))))))))))))))))
I19: =IF(NOT(ISNUMBER($A19)),"",IFERROR($A19-WEEKDAY($A19,2)+1,"")) | J19: =IF(OR($A19="",$B19="",NOT(ISNUMBER($G19)),NOT(ISNUMBER($H19))),"",IFERROR(IF($B19="Cash In",$G19*$H19,IF($B19="Cash Out",-$G19*$H19,"")),"")) | K19: =IF(COUNTA($A19:$H19)=0,"",IF($A19="","Review: enter cash date",IF($B19="","Review: enter flow",IF($C19="","Review: enter category",IF($D19="","Review: enter customer/vendor",IF($E19="","Review: enter property/purpose",IF($F19="","Review: enter status",IF($G19="","Review: enter amount",IF($H19="","Review: enter confidence",IF(NOT(ISNUMBER($A19)),"Review: check cash date",IF(NOT(ISNUMBER($G19)),"Review: check amount",IF(NOT(ISNUMBER($H19)),"Review: check confidence",IF(OR(Assumptions!$B$4="",Assumptions!$B$7="",Assumptions!$B$8="",Assumptions!$B$9="",Assumptions!$B$10="",Assumptions!$B$11="",Assumptions!$B$12=""),"Review: check assumptions",IF(OR($G19<0,$G19>Assumptions!$B$10),"Review: amount outside limit",IF(OR($H19<Assumptions!$B$11,$H19>Assumptions!$B$12),"Review: confidence outside limits",IF(OR(AND($B19="Cash In",$F19="Paid"),AND($B19="Cash Out",$F19="Received")),"Review: check flow and status",IF($A19<Assumptions!$B$4-Assumptions!$B$8,"Review: date before allowed window",IF($A19>Assumptions!$B$4+7*Assumptions!$B$7+Assumptions!$B$9,"Review: date after allowed window",IF($A19<Assumptions!$B$4,"Review: before forecast",IF($A19>=Assumptions!$B$4+7*Assumptions!$B$7,"Review: outside horizon",""))))))))))))))))))))
I20: =IF(NOT(ISNUMBER($A20)),"",IFERROR($A20-WEEKDAY($A20,2)+1,"")) | J20: =IF(OR($A20="",$B20="",NOT(ISNUMBER($G20)),NOT(ISNUMBER($H20))),"",IFERROR(IF($B20="Cash In",$G20*$H20,IF($B20="Cash Out",-$G20*$H20,"")),"")) | K20: =IF(COUNTA($A20:$H20)=0,"",IF($A20="","Review: enter cash date",IF($B20="","Review: enter flow",IF($C20="","Review: enter category",IF($D20="","Review: enter customer/vendor",IF($E20="","Review: enter property/purpose",IF($F20="","Review: enter status",IF($G20="","Review: enter amount",IF($H20="","Review: enter confidence",IF(NOT(ISNUMBER($A20)),"Review: check cash date",IF(NOT(ISNUMBER($G20)),"Review: check amount",IF(NOT(ISNUMBER($H20)),"Review: check confidence",IF(OR(Assumptions!$B$4="",Assumptions!$B$7="",Assumptions!$B$8="",Assumptions!$B$9="",Assumptions!$B$10="",Assumptions!$B$11="",Assumptions!$B$12=""),"Review: check assumptions",IF(OR($G20<0,$G20>Assumptions!$B$10),"Review: amount outside limit",IF(OR($H20<Assumptions!$B$11,$H20>Assumptions!$B$12),"Review: confidence outside limits",IF(OR(AND($B20="Cash In",$F20="Paid"),AND($B20="Cash Out",$F20="Received")),"Review: check flow and status",IF($A20<Assumptions!$B$4-Assumptions!$B$8,"Review: date before allowed window",IF($A20>Assumptions!$B$4+7*Assumptions!$B$7+Assumptions!$B$9,"Review: date after allowed window",IF($A20<Assumptions!$B$4,"Review: before forecast",IF($A20>=Assumptions!$B$4+7*Assumptions!$B$7,"Review: outside horizon",""))))))))))))))))))))
I21: =IF(NOT(ISNUMBER($A21)),"",IFERROR($A21-WEEKDAY($A21,2)+1,"")) | J21: =IF(OR($A21="",$B21="",NOT(ISNUMBER($G21)),NOT(ISNUMBER($H21))),"",IFERROR(IF($B21="Cash In",$G21*$H21,IF($B21="Cash Out",-$G21*$H21,"")),"")) | K21: =IF(COUNTA($A21:$H21)=0,"",IF($A21="","Review: enter cash date",IF($B21="","Review: enter flow",IF($C21="","Review: enter category",IF($D21="","Review: enter customer/vendor",IF($E21="","Review: enter property/purpose",IF($F21="","Review: enter status",IF($G21="","Review: enter amount",IF($H21="","Review: enter confidence",IF(NOT(ISNUMBER($A21)),"Review: check cash date",IF(NOT(ISNUMBER($G21)),"Review: check amount",IF(NOT(ISNUMBER($H21)),"Review: check confidence",IF(OR(Assumptions!$B$4="",Assumptions!$B$7="",Assumptions!$B$8="",Assumptions!$B$9="",Assumptions!$B$10="",Assumptions!$B$11="",Assumptions!$B$12=""),"Review: check assumptions",IF(OR($G21<0,$G21>Assumptions!$B$10),"Review: amount outside limit",IF(OR($H21<Assumptions!$B$11,$H21>Assumptions!$B$12),"Review: confidence outside limits",IF(OR(AND($B21="Cash In",$F21="Paid"),AND($B21="Cash Out",$F21="Received")),"Review: check flow and status",IF($A21<Assumptions!$B$4-Assumptions!$B$8,"Review: date before allowed window",IF($A21>Assumptions!$B$4+7*Assumptions!$B$7+Assumptions!$B$9,"Review: date after allowed window",IF($A21<Assumptions!$B$4,"Review: before forecast",IF($A21>=Assumptions!$B$4+7*Assumptions!$B$7,"Review: outside horizon",""))))))))))))))))))))
I22: =IF(NOT(ISNUMBER($A22)),"",IFERROR($A22-WEEKDAY($A22,2)+1,"")) | J22: =IF(OR($A22="",$B22="",NOT(ISNUMBER($G22)),NOT(ISNUMBER($H22))),"",IFERROR(IF($B22="Cash In",$G22*$H22,IF($B22="Cash Out",-$G22*$H22,"")),"")) | K22: =IF(COUNTA($A22:$H22)=0,"",IF($A22="","Review: enter cash date",IF($B22="","Review: enter flow",IF($C22="","Review: enter category",IF($D22="","Review: enter customer/vendor",IF($E22="","Review: enter property/purpose",IF($F22="","Review: enter status",IF($G22="","Review: enter amount",IF($H22="","Review: enter confidence",IF(NOT(ISNUMBER($A22)),"Review: check cash date",IF(NOT(ISNUMBER($G22)),"Review: check amount",IF(NOT(ISNUMBER($H22)),"Review: check confidence",IF(OR(Assumptions!$B$4="",Assumptions!$B$7="",Assumptions!$B$8="",Assumptions!$B$9="",Assumptions!$B$10="",Assumptions!$B$11="",Assumptions!$B$12=""),"Review: check assumptions",IF(OR($G22<0,$G22>Assumptions!$B$10),"Review: amount outside limit",IF(OR($H22<Assumptions!$B$11,$H22>Assumptions!$B$12),"Review: confidence outside limits",IF(OR(AND($B22="Cash In",$F22="Paid"),AND($B22="Cash Out",$F22="Received")),"Review: check flow and status",IF($A22<Assumptions!$B$4-Assumptions!$B$8,"Review: date before allowed window",IF($A22>Assumptions!$B$4+7*Assumptions!$B$7+Assumptions!$B$9,"Review: date after allowed window",IF($A22<Assumptions!$B$4,"Review: before forecast",IF($A22>=Assumptions!$B$4+7*Assumptions!$B$7,"Review: outside horizon",""))))))))))))))))))))
I23: =IF(NOT(ISNUMBER($A23)),"",IFERROR($A23-WEEKDAY($A23,2)+1,"")) | J23: =IF(OR($A23="",$B23="",NOT(ISNUMBER($G23)),NOT(ISNUMBER($H23))),"",IFERROR(IF($B23="Cash In",$G23*$H23,IF($B23="Cash Out",-$G23*$H23,"")),"")) | K23: =IF(COUNTA($A23:$H23)=0,"",IF($A23="","Review: enter cash date",IF($B23="","Review: enter flow",IF($C23="","Review: enter category",IF($D23="","Review: enter customer/vendor",IF($E23="","Review: enter property/purpose",IF($F23="","Review: enter status",IF($G23="","Review: enter amount",IF($H23="","Review: enter confidence",IF(NOT(ISNUMBER($A23)),"Review: check cash date",IF(NOT(ISNUMBER($G23)),"Review: check amount",IF(NOT(ISNUMBER($H23)),"Review: check confidence",IF(OR(Assumptions!$B$4="",Assumptions!$B$7="",Assumptions!$B$8="",Assumptions!$B$9="",Assumptions!$B$10="",Assumptions!$B$11="",Assumptions!$B$12=""),"Review: check assumptions",IF(OR($G23<0,$G23>Assumptions!$B$10),"Review: amount outside limit",IF(OR($H23<Assumptions!$B$11,$H23>Assumptions!$B$12),"Review: confidence outside limits",IF(OR(AND($B23="Cash In",$F23="Paid"),AND($B23="Cash Out",$F23="Received")),"Review: check flow and status",IF($A23<Assumptions!$B$4-Assumptions!$B$8,"Review: date before allowed window",IF($A23>Assumptions!$B$4+7*Assumptions!$B$7+Assumptions!$B$9,"Review: date after allowed window",IF($A23<Assumptions!$B$4,"Review: before forecast",IF($A23>=Assumptions!$B$4+7*Assumptions!$B$7,"Review: outside horizon",""))))))))))))))))))))
I24: =IF(NOT(ISNUMBER($A24)),"",IFERROR($A24-WEEKDAY($A24,2)+1,"")) | J24: =IF(OR($A24="",$B24="",NOT(ISNUMBER($G24)),NOT(ISNUMBER($H24))),"",IFERROR(IF($B24="Cash In",$G24*$H24,IF($B24="Cash Out",-$G24*$H24,"")),"")) | K24: =IF(COUNTA($A24:$H24)=0,"",IF($A24="","Review: enter cash date",IF($B24="","Review: enter flow",IF($C24="","Review: enter category",IF($D24="","Review: enter customer/vendor",IF($E24="","Review: enter property/purpose",IF($F24="","Review: enter status",IF($G24="","Review: enter amount",IF($H24="","Review: enter confidence",IF(NOT(ISNUMBER($A24)),"Review: check cash date",IF(NOT(ISNUMBER($G24)),"Review: check amount",IF(NOT(ISNUMBER($H24)),"Review: check confidence",IF(OR(Assumptions!$B$4="",Assumptions!$B$7="",Assumptions!$B$8="",Assumptions!$B$9="",Assumptions!$B$10="",Assumptions!$B$11="",Assumptions!$B$12=""),"Review: check assumptions",IF(OR($G24<0,$G24>Assumptions!$B$10),"Review: amount outside limit",IF(OR($H24<Assumptions!$B$11,$H24>Assumptions!$B$12),"Review: confidence outside limits",IF(OR(AND($B24="Cash In",$F24="Paid"),AND($B24="Cash Out",$F24="Received")),"Review: check flow and status",IF($A24<Assumptions!$B$4-Assumptions!$B$8,"Review: date before allowed window",IF($A24>Assumptions!$B$4+7*Assumptions!$B$7+Assumptions!$B$9,"Review: date after allowed window",IF($A24<Assumptions!$B$4,"Review: before forecast",IF($A24>=Assumptions!$B$4+7*Assumptions!$B$7,"Review: outside horizon",""))))))))))))))))))))
I25: =IF(NOT(ISNUMBER($A25)),"",IFERROR($A25-WEEKDAY($A25,2)+1,"")) | J25: =IF(OR($A25="",$B25="",NOT(ISNUMBER($G25)),NOT(ISNUMBER($H25))),"",IFERROR(IF($B25="Cash In",$G25*$H25,IF($B25="Cash Out",-$G25*$H25,"")),"")) | K25: =IF(COUNTA($A25:$H25)=0,"",IF($A25="","Review: enter cash date",IF($B25="","Review: enter flow",IF($C25="","Review: enter category",IF($D25="","Review: enter customer/vendor",IF($E25="","Review: enter property/purpose",IF($F25="","Review: enter status",IF($G25="","Review: enter amount",IF($H25="","Review: enter confidence",IF(NOT(ISNUMBER($A25)),"Review: check cash date",IF(NOT(ISNUMBER($G25)),"Review: check amount",IF(NOT(ISNUMBER($H25)),"Review: check confidence",IF(OR(Assumptions!$B$4="",Assumptions!$B$7="",Assumptions!$B$8="",Assumptions!$B$9="",Assumptions!$B$10="",Assumptions!$B$11="",Assumptions!$B$12=""),"Review: check assumptions",IF(OR($G25<0,$G25>Assumptions!$B$10),"Review: amount outside limit",IF(OR($H25<Assumptions!$B$11,$H25>Assumptions!$B$12),"Review: confidence outside limits",IF(OR(AND($B25="Cash In",$F25="Paid"),AND($B25="Cash Out",$F25="Received")),"Review: check flow and status",IF($A25<Assumptions!$B$4-Assumptions!$B$8,"Review: date before allowed window",IF($A25>Assumptions!$B$4+7*Assumptions!$B$7+Assumptions!$B$9,"Review: date after allowed window",IF($A25<Assumptions!$B$4,"Review: before forecast",IF($A25>=Assumptions!$B$4+7*Assumptions!$B$7,"Review: outside horizon",""))))))))))))))))))))
... I123: =IF(NOT(ISNUMBER($A123)),"",IFERROR($A123-WEEKDAY($A123,2)+1,"")) | J123: =IF(OR($A123="",$B123="",NOT(ISNUMBER($G123)),NOT(ISNUMBER($H123))),"",IFERROR(IF($B123="Cash In",$G123*$H123,IF($B123="Cash Out",-$G123*$H123,"")),"")) | K123: =IF(COUNTA($A123:$H123)=0,"",IF($A123="","Review: enter cash date",IF($B123="","Review: enter flow",IF($C123="","Review: enter category",IF($D123="","Review: enter customer/vendor",IF($E123="","Review: enter property/purpose",IF($F123="","Review: enter status",IF($G123="","Review: enter amount",IF($H123="","Review: enter confidence",IF(NOT(ISNUMBER($A123)),"Review: check cash date",IF(NOT(ISNUMBER($G123)),"Review: check amount",IF(NOT(ISNUMBER($H123)),"Review: check confidence",IF(OR(Assumptions!$B$4="",Assumptions!$B$7="",Assumptions!$B$8="",Assumptions!$B$9="",Assumptions!$B$10="",Assumptions!$B$11="",Assumptions!$B$12=""),"Review: check assumptions",IF(OR($G123<0,$G123>Assumptions!$B$10),"Review: amount outside limit",IF(OR($H123<Assumptions!$B$11,$H123>Assumptions!$B$12),"Review: confidence outside limits",IF(OR(AND($B123="Cash In",$F123="Paid"),AND($B123="Cash Out",$F123="Received")),"Review: check flow and status",IF($A123<Assumptions!$B$4-Assumptions!$B$8,"Review: date before allowed window",IF($A123>Assumptions!$B$4+7*Assumptions!$B$7+Assumptions!$B$9,"Review: date after allowed window",IF($A123<Assumptions!$B$4,"Review: before forecast",IF($A123>=Assumptions!$B$4+7*Assumptions!$B$7,"Review: outside horizon",""))))))))))))))))))))

Sheet Assumptions
A1: Working Capital Forecast Assumptions
A2: Fictional sample business: Spruce Kite Lawn Studio. Yellow values are editable planning assumptions, not financial advice.
A3: Setting | B3: Value | C3: Use
A4: Forecast start date | B4: 46272 | C4: First day included in the weekly cash forecast
A5: Opening cash balance | B5: 18000 | C5: Cash available at the start of the forecast
A6: Minimum cash reserve | B6: 7500 | C6: Editable operating cushion used to calculate the reserve gap
A7: Forecast weeks | B7: 13 | C7: Number of weeks to display, from 1 through 26
A8: Allowed days before start | B8: 30 | C8: Entry validation window before the forecast start
A9: Allowed days after horizon | B9: 30 | C9: Entry validation window after the forecast horizon
A10: Maximum single cash item | B10: 250000 | C10: Upper entry check for one planned cash item
A11: Minimum confidence | B11: 0 | C11: Lowest permitted probability for a planned cash item
A12: Maximum confidence | B12: 1 | C12: Highest permitted probability for a planned cash item
